 Dungeon Crawl Stone Soup version 0.24.0-29-g8ce449bc06 (webtiles) character file.

Game seed: 16155477260586750830, levelgen mode: deterministic

10859 Matador8 the Basher (level 11, -10/89 HPs)
             Began as a Grey Draconian Conjurer on Nov 13, 2019.
             Was a High Priest of Dithmenos.
             Mangled by a two-headed ogre
             ... wielding a +0 giant spiked club
              (15 damage)
             ... on level 11 of the Dungeon.
             The game lasted 01:15:46 (18413 turns).

Matador8 the Basher (Grey Draconian Conjurer)      Turns: 18413, Time: 01:15:46

Health: -10/89     AC: 12    Str: 11    XL:     11   Next: 41%
Magic:  15/18      EV: 12    Int: 18    God:    Dithmenos [*****.]
Gold:   256        SH:  0    Dex: 16    Spells: 9/20 levels left

rFire    . . .     SeeInvis .   t - +1 demon whip (freeze)
rCold    . . .     Gourm    .   (no shield)
rNeg     . . .     Faith    .   (armour unavailable)
rPois    .         Spirit   .   (helmet restricted)
rElec    .         Reflect  .   (no cloak)
rCorr    .         Harm     .   (no gloves)
MR       .....                  (no boots)
Stlth    +++.......             (no amulet)
HPRegen  0.24/turn              e - +4 ring of dexterity
MPRegen  0.16/turn              q - ring of wizardry

@: wreathed by umbra
A: walk through water, unfitting armour, unbreathing, cold-blooded, AC +12
a: Shadow Step, Shadow Form, Renounce Religion


You were on level 11 of the Dungeon.
You worshipped Dithmenos.
Dithmenos was extremely pleased with you.
You were not hungry.

You visited 1 branch of the dungeon, and saw 11 of its levels.

You collected 596 gold pieces.
You spent 340 gold pieces at shops.

Inventory:

Hand Weapons
 a - a +0 dagger
 l - a +2 falchion of slicing
 t - a +1 demon whip of freezing (weapon)
Missiles
 y - 4 throwing nets (quivered)
Jewellery
 e - a +4 ring of dexterity (left hand)
 q - a ring of wizardry (right hand)
 w - an uncursed ring of ice
 G - an uncursed ring of see invisible {unknown}
Wands
 r - a wand of paralysis (5)
 C - a wand of random effects (25)
 F - a wand of iceblast (10)
Scrolls
 c - 3 scrolls of remove curse
 d - 5 scrolls of teleportation
 f - 3 scrolls of noise
 g - 2 scrolls of random uselessness {unknown}
 h - a scroll of fog {unknown}
 i - 5 scrolls of identify
 j - a scroll of amnesia {unknown}
 p - 2 scrolls of fear {unknown}
 v - 2 scrolls of acquirement {unknown}
 x - a scroll of blinking {unknown}
 z - 4 scrolls of enchant weapon {unknown}
 B - a scroll of enchant armour {unknown}
 D - a scroll of magic mapping {unknown}
 I - a scroll of summoning {unknown}
Potions
 k - a potion of cancellation {unknown}
 m - a potion of degeneration {unknown}
 n - 2 potions of haste {unknown}
 o - a potion of agility
 s - a potion of heal wounds {unknown}
 u - a potion of invisibility {unknown}
 A - 2 potions of magic {unknown}
 E - 2 potions of lignification {unknown}
 H - a potion of flight {unknown}
Comestibles
 b - 18 rations


   Skills:
 - Level 5.8 Fighting
 - Level 12.0 Maces & Flails
 - Level 1.7 Dodging
 - Level 1.7 Stealth
 - Level 5.0 Spellcasting
 - Level 7.3 Conjurations
 - Level 4.0 Hexes
 + Level 2.8 Charms
 + Level 3.1 Necromancy
 - Level 7.0 Invocations


You had 9 spell levels left.
You knew the following spells:

 Your Spells              Type           Power        Failure   Level  Hunger
a - Magic Dart            Conj           ####         1%          1    None
b - Dazzling Spray        Conj/Hex       ####..       1%          3    ##.....
c - Iskenderun's Mystic   Conj           ####....     2%          4    ####...
d - Regeneration          Chrm/Necr      ###.......   4%          3    ##.....

Your spell library contained the following spells:

 Spells                   Type           Power        Failure   Level  Hunger
 Infusion                 Chrm           ##..         1%          1    None
 Searing Ray              Conj           ####..       1%          2    #......
 Song of Slaying          Chrm           ##......     2%          2    #......
 Shroud of Golubria       Chrm/Tloc      #.....       4%          2    #......
 Spectral Weapon          Hex/Chrm       ###.....     4%          3    ##.....
 Fulminant Prism          Conj/Hex       ####......   5%          4    ####...
 Force Lance              Conj/Tloc      ###.....     12%         4    ####...
 Iskenderun's Battlesphe  Conj/Chrm      ###.....     17%         5    ######.
 Venom Bolt               Conj/Pois      ###.......   32%         5    ######.
 Bolt of Magma            Conj/Fire/Erth ##........   45%         5    ######.
 Iron Shot                Conj/Erth      ###.......   85%         6    #######
 Orb of Destruction       Conj           ####......   89%         7    #######
 Spellforged Servitor     Conj/Summ      ###.......   100%        7    #######


Dungeon Overview and Level Annotations

Branches:
Dungeon (11/15)            Temple (0/1) D:7            Lair (0/6) D:8
    Orc (0/2) D:9

Altars:
Dithmenos
Elyvilon
Hepliaklqana
Okawaru
Qazlal
Ru
Sif Muna
Vehumet
Wu Jian
Yredelemnul

Shops:
D:4 (

Annotations:
D:1 exclusion: gnoll
D:2 1 runed translucent door, exclusion: door, Crazy Yiuf
D:3 Sigmund
D:4 3 runed translucent doors, Matador8's ghost, novice DsWr


Innate Abilities, Weirdness & Mutations

You can walk through water.
Your dull iron-grey scales are very hard. (AC +12)
You cannot fit into any form of body armour.
You can survive without breathing.
You are cold-blooded and may be slowed by cold attacks.


Message History

You emit a cloud of dark smoke.
The two-headed ogre hits you but does no damage.
There is a stone staircase leading up, spattered with blood here.
Casting: Magic Dart (safe; 1% risk of failure)
Confirm with . or Enter, or press ? or * to list all spells.
Aiming: Dazzling Spray (safe; 1% risk of failure)
Press: ? - help, Shift-Dir - straight line, f - two-headed ogre
Aim: a two-headed ogre, wielding two +0 giant spiked clubs (black smoke, umbra)
The spray of energy hits the two-headed ogre.
The two-headed ogre is lightly wounded.
The two-headed ogre is dazzled.
Your shadow mimicks your spell!
The shadow shard hits the two-headed ogre!
The two-headed ogre shouts in stereo!
The two-headed ogre hits you with a +0 giant spiked club!!
The two-headed ogre hits you with a +0 giant spiked club!
The two-headed ogre hits you with a +0 giant spiked club!!
* * * LOW HITPOINT WARNING * * *
The two-headed ogre hits you with a +0 giant spiked club!
You die...

.. .. .... ....
........ #...
#........
#...#####.#..##..
#................
.#...............
......§§##....##.#
......§§§§........
.....§§§##@.#.####
.##.##§§.O........
#§§##..#.###.
#§.##..# #
..........
....!.......
#.#######...... #.
<#.### # ##.#


You could see a two-headed ogre (blind).

Vanquished Creatures
  Harold (D:7)
  An orc knight (D:8)
  2 trolls (D:10)
  A hornet (D:9)
  2 hippogriffs
  5 yaks
  A wraith (D:9)
  Eustachio (D:5)
  A wyvern (D:8)
  2 humans (D:8)
  14 wargs (D:8)
  A soldier ant (D:9)
  Duvessa (D:7)
  A water moccasin (D:8)
  2 porcupines (D:8)
  8 orc warriors
  5 phantoms
  2 sky beasts
  4 ice beasts
  2 ogres (D:7)
  A black bear (D:6)
  4 centaurs
  2 crocodiles
  2 big kobolds (D:8)
  A wyvern zombie (D:10)
  3 bullfrogs
  Dowan (D:7)
  3 scorpions
  6 killer bees (D:8)
  8 wights
  4 howler monkeys
  4 crimson imps
  A quasit (D:10)
  4 hounds
  6 orc priests
  2 jellies
  3 iguanas
  A bullfrog skeleton (D:5)
  A centaur skeleton (D:7)
  12 orc wizards
  11 worker ants
  Ijyb (D:5)
  2 hound skeletons
  7 adders
  9 gnolls
  A howler monkey skeleton (D:6)
  A shadow imp (D:6)
  2 oozes
  2 worms
  2 dart slugs (D:2)
  5 leopard geckos
  75 orcs
  4 giant cockroaches
  6 goblins
  4 hobgoblins
  20 jackals
  5 quokkas
  A ball python (D:2)
  2 bats (D:2)
  6 frilled lizards
  A jackal skeleton (D:5)
  21 kobolds
  A leopard gecko skeleton (D:4)
  13 rats
328 creatures vanquished.

Vanquished Creatures (others)
  An orc wizard (D:2)
  A gnoll (D:2)
  A dart slug (D:2)
  A hobgoblin (D:2)
  2 fungi
  2 plants (D:8)
  4 toadstools (D:3)
12 creatures vanquished.

Grand Total: 340 creatures vanquished

Notes
Turn   | Place    | Note
-------+----------+-------------------------------------------
     0 | D:1      | Matador8 the Draconian Conjurer began the quest for the
                  | Orb.
     0 | D:1      | Reached XP level 1. HP: 14/14 MP: 3/3
   519 | D:1      | Reached XP level 2. HP: 20/20 MP: 5/5
  1031 | D:2      | Found a radiant altar of Vehumet.
  1422 | D:1      | Reached XP level 3. HP: 18/26 MP: 0/7
  1514 | D:1      | Learned a level 3 spell: Dazzling Spray
  1930 | D:2      | Found a runed translucent door.
  1940 | D:2      | Reached XP level 4. HP: 29/33 MP: 0/8
  1947 | D:2      | Reached skill level 5 in Conjurations
  1953 | D:2      | Noticed Crazy Yiuf
  2642 | D:3      | Found a shadowy altar of Dithmenos.
  2650 | D:3      | Became a worshipper of Dithmenos the Shadowed
  3073 | D:3      | Reached skill level 1 in Hexes
  3177 | D:3      | Reached XP level 5. HP: 38/38 MP: 3/10
  3914 | D:2      | Reached skill level 1 in Invocations
  4352 | D:3      | Noticed Sigmund
  4407 | D:4      | Reached * piety under Dithmenos
  5142 | D:4      | Reached XP level 6. HP: 38/45 MP: 4/11
  5269 | D:4      | Found Cuiduvent's Weapon Boutique.
  5555 | D:4      | Found a white marble altar of Elyvilon.
  5590 | D:4      | Found a basalt altar of Yredelemnul.
  5591 | D:4      | Found a stormy altar of Qazlal.
  5595 | D:4      | Found a sacrificial altar of Ru.
  5756 | D:4      | Found a runed translucent gate.
  5756 | D:4      | Found a runed translucent gate.
  5756 | D:4      | Found a runed translucent gate.
  5757 | D:4      | Noticed Matador8's ghost (novice DsWr)
  5758 | D:4      | Identified the +7 whip "Xumaxuy" {drain, *Contam rPois
                  | rF+++ Dex-3}
  5938 | D:5      | Entered Level 5 of the Dungeon
  6019 | D:5      | Noticed Eustachio
  6185 | D:5      | Killed Eustachio
  6185 | D:5      | Your scales start taking on a dull iron-grey colour.
  6185 | D:5      | Reached XP level 7. HP: 25/50 MP: 0/13
  6185 | D:5      | Gained mutation: You can survive without breathing. [Grey
                  | Draconian growth]
  6392 | D:5      | Noticed Ijyb
  6401 | D:5      | Paralysed by Ijyb for 3 turns
  6407 | D:5      | Killed Ijyb
  6562 | D:5      | Found a shimmering blue altar of Sif Muna.
  7006 | D:5      | Reached skill level 5 in Spellcasting
  7006 | D:5      | Reached skill level 5 in Invocations
  7574 | D:5      | Reached XP level 8. HP: 57/57 MP: 9/15
  7775 | D:4      | Bought a +1 demon whip of freezing for 340 gold pieces
  8180 | D:5      | Reached skill level 1 in Maces & Flails
  8203 | D:6      | Reached ** piety under Dithmenos
  8402 | D:6      | Reached skill level 2 in Maces & Flails
  8825 | D:6      | Reached skill level 3 in Maces & Flails
  9580 | D:7      | Reached skill level 4 in Maces & Flails
  9942 | D:7      | Reached skill level 5 in Maces & Flails
  9942 | D:7      | Reached XP level 9. HP: 62/62 MP: 10/16
 10343 | D:7      | Reached skill level 6 in Maces & Flails
 10478 | D:7      | Reached skill level 7 in Maces & Flails
 10567 | D:7      | Reached *** piety under Dithmenos
 10807 | D:7      | Noticed Harold
 10881 | D:7      | Noticed Dowan
 10882 | D:7      | Noticed Duvessa
 10915 | D:7      | Killed Duvessa
 11138 | D:6      | Reached skill level 8 in Maces & Flails
 11224 | D:7      | Killed Dowan
 11691 | D:7      | Reached skill level 9 in Maces & Flails
 11987 | D:8      | Noticed a death yak
 12312 | D:8      | Reached XP level 10. HP: 69/69 MP: 17/17
 12329 | D:8      | Reached skill level 10 in Maces & Flails
 12446 | D:8      | Reached **** piety under Dithmenos
 12749 | D:8      | Found a staircase to the Lair.
 12754 | D:8      | Noticed a death yak
 12755 | D:8      | Noticed a death yak
 12793 | D:8      | Reached skill level 11 in Maces & Flails
 12979 | D:7      | Found a staircase to the Ecumenical Temple.
 13029 | D:7      | Killed Harold
 13208 | D:8      | Reached skill level 12 in Maces & Flails
 13328 | D:8      | Reached skill level 1 in Fighting
 14066 | D:8      | Noticed an orc knight
 14511 | D:8      | Learned a level 4 spell: Iskenderun's Mystic Blast
 14891 | D:8      | Reached XP level 11. HP: 67/84 MP: 18/18
 14967 | D:8      | Noticed an orc knight
 14990 | D:8      | Killed an orc knight
 15099 | D:8      | Reached ***** piety under Dithmenos
 15105 | D:8      | Learned a level 3 spell: Regeneration
 15609 | D:8      | Found an iron altar of Okawaru.
 15798 | D:8      | Reached skill level 1 in Necromancy
 15896 | D:8      | Reached skill level 1 in Charms
 16228 | D:9      | Found an ornate altar of the Wu Jian Council.
 16275 | D:9      | Found a hazy altar of Hepliaklqana.
 16503 | D:9      | Reached skill level 5 in Fighting
 17098 | D:9      | Found a staircase to the Orcish Mines.
 17186 | D:10     | Entered Level 10 of the Dungeon
 18204 | D:11     | Noticed a two-headed ogre
 18413 | D:11     | Mangled by a two-headed ogre

Levels and vault maps discovered:
D:1:      dpeg_arrival_court, layout_basic
D:2:      layout_rooms, fiery_altar_vehumet, st_stairs_8,
          uniq_crazy_yiuf_cottage
D:3:      layout_rooms, nicolae_overflow_crystal_walls,
          minmay_gold_behind_fungi, uniq_sigmund
D:4:      layout_basic, nicolae_overflow_hidden_temple,
          lemuel_coloured_pillars_altar, gammafunk_ghost_nasty_kobolds,
          serial_forest, infiniplex_forest_join, infiniplex_forest_zigzag_1,
          infiniplex_forest_lined_1, infiniplex_forest_lined_4_way,
          infiniplex_forest_clump_cross, infiniplex_forest_lined_corner,
          serial_shops, shop
D:5:      layout_basic, kennysheep_mini, first_ration, uniq_eustachio, uniq_ijyb
D:6:      layout_basic, ldierk_geyser
D:7:      layout_loops_cross, temple_doors_ab, hangedman_abyss_or_decor_slice,
          uniq_harold, uniq_duvessa
D:8:      lemuel_castle_with_subvaults [lemuel_castle_interior_carwin_3],
          layout_cave_pools, okawaru_humans, dpeg_lair_monsters,
          serial_co_window_serial, co_window_paths_b, co_window_paths_b,
          co_window_paths_a, co_window_of_opportunity_a,
          co_window_of_opportunity_a, co_window_broadway_b, co_window_paths_c,
          co_window_corner_ca, co_window_broadway_b, co_window_4corner_b
D:9:      layout_irregular_city, overflow_temple_1_default, lemuel_doored_altar,
          hangedman_pestilent_swarm
D:10:     layout_rooms
D:11:     layout_basic, gauntlet_entry_generic, uniq_fannar

Skill      XL: |  1  2  3  4  5  6  7  8  9 10 11 |
---------------+----------------------------------+-----
Spellcasting   | 3 4 5 |  5.0
Conjurations   | 5 7 |  7.3
Hexes          | 1 2 3 4 |  4.0
Invocations    | 2 4 5 6 7 |  7.0
Maces & Flails | 5 9 12 | 12.0
Fighting       | 4 5 |  5.8
Necromancy     | 3 |  3.1
Charms         | 2 |  2.8
Dodging        | |  1.7
Stealth        | |  1.7

Action                   |  1- 3 |  4- 6 |  7- 9 | 10-12 || total
-------------------------+-------+-------+-------+-------++-------
Melee: Dagger            |    49 |    17 |       |       ||    66
       Tailslap          |     4 |    14 |    50 |    53 ||   121
       Falchion          |       |    70 |   153 |       ||   223
       Demon whip        |       |       |   288 |   471 ||   759
 Cast: Magic Dart        |    62 |   135 |    65 |    76 ||   338
       Dazzling Spray    |       |     3 |    56 |    35 ||    94
       Iskenderun's Myst |       |       |       |    20 ||    20
  Use: Potion            |     1 |       |       |       ||     1
       Scroll            |       |       |     1 |     3 ||     4
 Stab: Sleeping          |     1 |     1 |     4 |     4 ||    10
       Invisible         |       |     1 |    12 |     3 ||    16
       Distracted        |       |       |       |     3 ||     3
  Eat: Chunk             |     3 |    11 |    10 |    19 ||    43
       Ration            |       |     1 |     4 |     2 ||     7
Armor: Skin              |    21 |    44 |   177 |   101 ||   343
Dodge: Dodged            |    50 |   134 |   344 |   204 ||   732
       Rpst.: Falchion   |       |    29 |    54 |       ||    83
